 Seeded DCSS version 0.29-a0-668-g12ee2bf (webtiles) character file.

Game seed: 9125747119528340153 (custom seed)

19 AmazingTV the Chiller (level 2, -1/11 HPs)
             Began as a Felid Ice Elementalist on Aug 28, 2021.
             Succumbed to an adder's poison
             ... on level 2 of the Dungeon on June 23, 2022.
             The game lasted 00:08:33 (1814 turns).

AmazingTV the Chiller (Felid Ice Elementalist)      Turns: 1814, Time: 00:08:34

Health: -1/11      AC:  1    Str:  4    XL:     2   Next: 55%
Magic:  5/6        EV: 17    Int: 16    God:
Gold:   53         SH:  0    Dex: 16    Spells: 4/5 levels left
                                        Lives:  0   Deaths: 0

rFire   . . .      SeeInvis +   (weapon unavailable)
rCold   . . .      Faith    .   (shield unavailable)
rNeg    . . .      Spirit   .   (body armour unavailable)
rPois   .          Reflect  .   (helmet unavailable)
rElec   .          Harm     .   (cloak unavailable)
rCorr   .          Rampage  .   (gloves unavailable)
Will    .....                   (boots unavailable)
Stlth   ++........              (no amulet)
HPRegen 0.03/turn               (no ring)
MPRegen 0.10/turn               (no ring)

@: lethally poisoned (-1 -> -15), quick
A: very small, claws 1, fangs 3, see invisible, speed 1, shaggy fur 1, stealthy
paws, no weapons or thrown items, no armour, multi-lived
a: no special abilities


You were on level 2 of the Dungeon.
You visited 1 branch of the dungeon, and saw 2 of its levels.

You collected 53 gold pieces.

Inventory:

Scrolls
 a - a scroll of amnesia {unknown}
 d - a scroll of magic mapping {unknown}
 e - a scroll of blinking {unknown}
Potions
 b - a potion of heal wounds {unknown}
 c - 2 potions of flight {unknown}
 f - a potion of cancellation {unknown}


   Skills:
 * Level 2.6 Dodging
 * Level 3.2 Stealth
 * Level 2.3 Spellcasting
 + Level 3.9 Ice Magic


You had 4 spell levels left.
You knew the following spells:

 Your Spells              Type           Power      Damage    Failure   Level
a - Freeze                Ice            56%        1d7       4%          1

Your spell library contained the following spells:

 Spells                   Type           Power      Damage    Failure   Level
 Frozen Ramparts          Ice            28%        1d4       12%         3
 Ozocubu's Armour         Ice            14%        N/A       12%         3
 Hailstorm                Conj/Ice       8%         3d4       65%         4
 Petrify                  Tmut/Erth      1%         N/A       90%         4
 Metabolic Englaciation   Hex/Ice        4%         N/A       94%         5
 Statue Form              Tmut/Erth      0%         N/A       100%        6


Dungeon Overview and Level Annotations

Branches:
Dungeon (2/15)

Altars:


Innate Abilities, Weirdness & Mutations

You have sharp claws.
You have razor-sharp teeth.
You have supernaturally acute eyesight. (SInv)
You cover ground quickly. (Speed+)
You are covered in fur. (AC +1)
Your paws help you pounce on unaware monsters.
You are incapable of wielding weapons or throwing items.
You cannot wear armour.
You gain extra lives every three experience levels.


Message History

Aim: an adder You freeze the adder.
The adder is moderately wounded.
The adder seems to slow down.
The adder closely misses you.
You scratch the adder.
The adder is severely wounded.
You miss the adder.
The adder is severely wounded.
The adder completely misses you.
You barely miss the adder.
The adder is severely wounded.
The adder barely misses you.
You barely miss the adder.
The adder is severely wounded.
The adder misses you.
You barely miss the adder. You bite the adder.
The adder is almost dead.
The adder barely misses you.
You scratch the adder but do no damage.
The adder is almost dead.
The adder is no longer moving slowly.
The adder bites you. The adder attacks as you move away!
The adder bites you but does no damage.
You barely miss the adder.
The adder is almost dead.
The adder barely misses you.
Casting: Freeze (safe; 4% risk of failure)
Confirm with . or Enter, or press ? or * to list all spells.
Aiming: Freeze (safe; 4% risk of failure)
Press: ? - help, Shift-Dir - straight line, f/p - adder
Aim: an adder (almost dead)
You freeze the adder.
The adder is almost dead.
The adder bites you.
You are lethally poisoned!
The adder poisons you! The adder barely misses you.
The adder attacks as you move away! The adder bites you.
* * * LOW HITPOINT WARNING * * *
You are more poisoned.
The adder poisons you!
You die...

#.....
#!.$.###
#......#
#......#
#...>..+
#......####
#...S.....#
#.........#
#....@....#
#####
######>...##
#...#
#.........#
#.#.#
#.........#
#.#.#
#.........#
#.#.#
#.......).#
#.#.#
#.........#
#.#.#
######'####
#.#.# #.#
#.#.###


You could see an adder.

Vanquished Creatures
  A ball python (D:1)
  2 bats (D:1)
  2 endoplasms (D:1)
  A giant cockroach (D:1)
  A hobgoblin (D:1)
  A kobold (D:1)
  3 quokkas
  3 frilled lizards (D:1)
  A goblin (D:1)
  3 rats (D:1)
18 creatures vanquished.

Notes
Turn   | Place    | Note
-------+----------+-------------------------------------------
     0 | D:1      | AmazingTV the Felid Ice Elementalist began the quest for
                  | the Orb.
     0 | D:1      | Reached XP level 1. HP: 7/7 MP: 4/4
     0 | D:1      | Upgraded the game from 0.28-a0-268-g3f656e8 to
                  | 0.29-a0-668-g12ee2bf
   884 | D:1      | Reached XP level 2. HP: 2/11 MP: 3/6
  1259 | D:1      | Found a faded altar of an unknown god.
  1814 | D:2      | Succumbed to an adder's poison

Illustrated notes

Levels and vault maps discovered:
D:1:      amcnicky_arrival_gap_in_the_tavern_cellar, layout_basic,
          shapermc_ecumenical_altar_starsandcircs, kennysheep_pointless_box,
          hex_intersection
D:2:      layout_basic

Skill      XL: |  1  2 |
---------------+-------+-----
Stealth        | 3 |  3.2
Dodging        | |  2.6
Spellcasting   | |  2.3
Ice Magic      | |  3.9

Action                   || total
-------------------------++-------
Melee: Unarmed           ||    33
       Bite              ||     1
 Cast: Freeze            ||    17
 Stab: Sleeping          ||     7
Armor: Skin              ||     2
Dodge: Dodged            ||    29

Table legend: (Time is in decaauts)
 A = Elapsed time spent in this place.
 B = Non-inter-level travel time spent in this place.
 C = Inter-level travel time spent in this place.
 D = Time resting spent in this place.
 E = Time spent auto-exploring this place.
 F = Levels seen in this place.
 G = Mean time per level.
                   A        B        C        D        E       F      G
               +--------+--------+--------+--------+--------+-----+--------+
         Total |   1677 |   1633 |     44 |   1001 |    430 |   2 |  838.5 |
       Dungeon |   1677 |   1633 |     44 |   1001 |    430 |   2 |  838.5 |
               +--------+--------+--------+--------+--------+-----+--------+

Top non-repeatable levels by time:
     D:1: 1613 daAuts
     D:2: 63 daAuts
